 Dungeon Crawl Stone Soup version 0.30-a0-918-g0ff054e9dc (webtiles) character file.

Game seed: 7234053967081275951

104750 Dirtsage the Brawler (level 15, 0/124 HPs)
             Began as a Demonspawn Berserker on Mar 16, 2023.
             Was a High Priest of Trog.
             Killed by the raging water
             ... invoked by a water nymph
              (43 damage)
             ... on level 4 of the Shoals on Mar 20, 2023.
             The game lasted 01:01:09 (22699 turns).

Dirtsage the Brawler (Demonspawn Berserker)        Turns: 22699, Time: 01:01:10

Health: 0/124      AC: 23    Str: 23    XL:     15   Next: 92%
Magic:  15/15      EV:  8    Int: 10    God:    Trog [*****.]
Gold:   1790       SH: 23    Dex: 13    Spells: 14/14 levels left

rFire   + . .      SeeInvis .      - Unarmed
rCold   + . .      Faith    .    X - +0 tower shield
rNeg    . . .      Spirit   .    w - +0 chain mail
rPois   +          Reflect  +    T - +2 hat
rElec   +          Rampage  .    r - +0 cloak "Hukluy" {rElec Dex+3}
rCorr   .                        (no gloves)
Will    +++..                    H - +1 pair of boots Stlth
                                 Q - amulet of reflection
HPRegen 0.40/turn                O - +4 ring of protection
MPRegen 0.28/turn                k - ring of Assanun {rPois rF+ rC+ Will+ Dex-3}

@: mighty, about to teleport, on berserk cooldown, slowed, studying Throwing,
very slow
A: claws 2, icy blue scales 2, powered by pain 3, magic regeneration, demonic
willpower
a: Renounce Religion, Berserk, Trog's Hand, Brothers in Arms


You were on level 4 of the Shoals.
You worshipped Trog.
Trog was extremely pleased with you.
You visited 4 branches of the dungeon, and saw 23 of its levels.
You also visited: Sewer.

You collected 1790 gold pieces.

Inventory:

Missiles
 G - a throwing net (quivered)
 L - 3 curare-tipped darts
Armour
 r - the +0 cloak "Hukluy" (worn) {rElec Dex+3}
   (You found it on level 9 of the Dungeon)

   Dex:       It affects your dexterity (+3).
   rElec:     It insulates you from electricity.
 w - a +0 chain mail (worn)
 H - a +1 pair of boots (worn)
 T - a +2 hat (worn)
 X - a +0 tower shield (worn)
Jewellery
 k - the ring of Assanun (right claw) {rPois rF+ rC+ Will+ Dex-3}
   (You found it on level 2 of the Dungeon)

   [ring of protection from cold]

   Dex:       It affects your dexterity (-3).
   rF:        It protects you from fire.
   rC:        It protects you from cold.
   rPois:     It protects you from poison.
   Will:      It increases your willpower.
 y - an amulet of regeneration
 z - a ring of fire
 C - a ring of resist corrosion
 F - a ring of protection from fire
 I - a +4 ring of slaying
 N - the ring "Gairet" {*Slow rPois Str+3 Dex+5}
   (You found it on level 11 of the Dungeon)

   [ring of poison resistance]

   Str:       It affects your strength (+3).
   Dex:       It affects your dexterity (+5).
   rPois:     It protects you from poison.
   *Slow:     It may slow you when you take damage.
 O - a +4 ring of protection (left claw)
 Q - an amulet of reflection (around neck)
Wands
 j - a wand of mindburst (5)
 s - a wand of iceblast (26)
 x - a wand of flame (10)
 D - a wand of digging (8)
 M - a wand of charming (10)
 V - a wand of light (6)
Scrolls
 a - 3 scrolls of torment
 b - 2 scrolls of poison
 c - 5 scrolls of fog
 g - 8 scrolls of fear
 i - a scroll of identify
 m - 4 scrolls of vulnerability
 t - 11 scrolls of teleportation
 u - 3 scrolls of amnesia
 v - 6 scrolls of enchant armour
 B - 5 scrolls of blinking
 J - 8 scrolls of immolation
 P - a scroll of butterflies
 W - a scroll of magic mapping {unknown}
Potions
 d - 4 potions of might {unknown}
 e - 5 potions of flight
 f - a potion of magic {unknown}
 h - 6 potions of haste
 l - 3 potions of heal wounds
 n - a potion of resistance
 o - 3 potions of attraction {unknown}
 p - 8 potions of mutation
 q - 9 potions of curing
 A - 4 potions of invisibility
 E - 5 potions of lignification
 R - a potion of ambrosia {unknown}
 S - a potion of brilliance {unknown}
Miscellaneous
 K - a condenser vane
 U - a box of beasts
 Y - a lightning rod (4/4)


   Skills:
 + Level 13.2 Fighting
 - Level 5.4 Axes
 + Level 6.6 Armour
 + Level 6.6 Dodging
 * Level 13.9 Shields
 * Level 16.8 Unarmed Combat


You had 14 spell levels left.
You didn't know any spells.
Your spell library contained the following spells:

 Spells                   Type           Power      Damage    Failure   Level
 Sandblast                Erth           0%         2d4       100%        1
 Cigotuvi's Dreadful Rot  Necr/Pois/Air  0%         N/A       100%        2
 Ensorcelled Hibernation  Hex/Ice        0%         N/A       100%        2
 Passwall                 Tmut/Erth      0%         N/A       100%        2
 Poisonous Vapours        Pois/Air       0%         N/A       100%        2
 Static Discharge         Conj/Air       0%         2-2/arc   100%        2
 Frozen Ramparts          Ice            0%         1d1       100%        3
 Mephitic Cloud           Conj/Pois/Air  0%         N/A       100%        3
 Spider Form              Tmut/Pois      0%         N/A       100%        3
 Stone Arrow              Conj/Erth      0%         3d7       100%        3
 Summon Guardian Golem    Hex/Summ       0%         N/A       100%        3
 Vhi's Electric Charge    Tloc/Air       0%         N/A       100%        3
 Anguish                  Hex/Necr       0%         N/A       100%        4
 Animate Armour           Summ/Erth      0%         N/A       100%        4
 Ice Form                 Ice/Tmut       0%         N/A       100%        4
 Summon Ice Beast         Ice/Summ       0%         N/A       100%        4
 Arcjolt                  Conj/Air       0%         1d10      100%        5
 Blade Hands              Tmut           0%         N/A       100%        5
 Lightning Bolt           Conj/Air       0%         1d11      100%        5
 Iron Shot                Conj/Erth      0%         9d1       100%        6
 Orb of Destruction       Conj           0%         9d5       100%        7
 Spellforged Servitor     Conj/Summ      0%         N/A       100%        7


Dungeon Overview and Level Annotations

Branches:
Dungeon (13/15)            Temple (1/1) D:5            Lair (5/5) D:11
 Shoals (4/4) Lair:3       Spider (0/4) Lair:3        Slime (0/5) Lair:5
    Orc (0/2) D:12         Vaults (0/5) D:13          Sewer (visited)

Altars:
Ashenzari
Cheibriados
Dithmenos
Fedhas
Gozag
Hepliaklqana
Kikubaaqudgha
Makhleb
Nemelex Xobeh
Okawaru
Qazlal
Ru
Sif Muna
Trog
Uskayaw
Vehumet
Wu Jian
Xom
Yredelemnul
Jiyva

Shops:
D:7 :   D:10 (   D:13 *

Annotations:
Lair:1 2 transporters


Innate Abilities, Weirdness & Mutations

You have very sharp fingernails.
You are mostly covered in icy blue scales. (AC +3)
You are powered by pain.
You regenerate magic rapidly.
You punish those that try to bend your will. (Will+)


Message History

Moving in this stuff is going to be slow.
The faun shoots a sling bullet.
You reflect the sling bullet off an invisible shield around you!
The sling bullet hits the faun.
The water nymph touches you. The water nymph drowns you!
You take 9 damage, and have 58/124 hp.
Your unstable footing causes you to fumble your attack.
The drowned soul returns to the deep!
A nearby plant withers and dies.
The wind drake exhales a fierce blast of wind!
The water nymph is knocked back by the gust of wind.
You are knocked back by the gust of wind.
Splash!
You block the water nymph's attack.
You regained 2 hp, and now have 60/124 hp.
You feel better.
Your skin stops crawling.
You feel less strong-willed.
The faun shoots a sling bullet.
You reflect the sling bullet off an invisible shield around you!
The sling bullet hits the faun!!
The wind drake flaps its wings at you. The air twists around and strikes you!
You focus on the pain.
You feel very mighty all of a sudden. The water nymph touches you.
The water nymph drowns you! The faun casts a spell at you.
You resist with almost no effort.
Your will lashes out at the faun!
You kill the faun!
Trog accepts your kill.
Trog appreciates your killing of a magic user.
You take 17 damage, and have 43/124 hp.
As you read the scroll of teleportation, it crumbles to dust.
You feel strangely unstable.
The wind drake exhales a fierce blast of wind!
You are knocked back by the gust of wind.
Splash!
The water nymph is knocked back by the gust of wind.
The water nymph slams into the rock wall!
The water nymph is heavily wounded.
The water nymph points at you and mumbles some strange words.
The water swirls and strikes you!!!
You die...

~~~~~~~~~~#~~.....PP~≈≈≈≈~~~~~~~~
~~~~~~~~~~#~~~.[..~~#~≈≈~~~~~~~~~
~~~.~~~~~~~P~~~~~~~~#~~~~~~~~~~~~
~~~~~~~~~...P~~~~~~~#~~~~~~~~~~~~
~~~~~~~~....~~~~#~~P~~~~~~~~~~~≈≈
~~~~~~.....k~~###~~~...~~~~†P##≈≈
~~~~~..)..$~~~m#~~~.....P~t~~~~~P
~~~~~...~.~~~~~~~~~.....P#PP~~##P
~~~~......~~~~~~@~~~...###~~~~~P#
~~~~~....~~~~~~~~~~~...~~~~~~~†PP
~~~~~~..~~~~~~~~~~~~~~~~~$~~~~~~)
~P~~PP~~~~~~≈~~~~~~~~PP~~~~~~)
~~~~~~~~~~~~≈≈≈≈~~~~##P~~~~~##
P~~~~~~~~≈≈≈≈≈≈≈≈≈≈P##~~PP#P
~~~~~~≈≈≈≈≈≈≈≈≈≈≈P.~~~~~~P
~≈≈≈≈≈≈≈≈≈≈≈≈≈≈≈≈##P~~~~ ≈ ≈≈≈≈≈≈
≈≈≈≈≈~


You could see a wind drake (repels missiles, catching breath) and a water nymph.

Vanquished Creatures
  Bai Suzhen (Shoals:3)
  Rupert (Lair:5)
  A kraken (Shoals:3)
  The ghost of baljet the Severer, a journeyman MiFi of Okawaru (Lair:5)
  Nessos (D:13)
  A merfolk impaler (Shoals:2)
  3 hydras
  A merfolk avatar (Shoals:2)
  A catoblepas (Lair:5)
  2 centaur warriors
  A merfolk aquamancer (Shoals:2)
  A boulder beetle (D:11)
  2 two-headed ogres (D:13)
  2 alligators (Shoals:2)
  A satyr (Shoals:3)
  15 death yaks
  Sonja (D:11)
  The ghost of QuickerDeath the Destroyer, a novice TeCj of Hepliaklqana (D:11)
  8 skysharks
  2 goliath frogs (Shoals:2)
  8 sea snakes
  A skeletal warrior (D:13)
  A deep troll (D:11)
  A deep elf archer (D:13)
  7 harpies
  2 ugly things
  A deep elf zephyrmancer (D:13)
  A deep elf pyromancer (D:12)
  6 manticores
  A cyclops (Shoals:3)
  15 fauns
  7 elephants
  4 water nymphs
  2 black mambas (Lair:1)
  2 merfolk sirens
  3 torpor snails
  A gargoyle (D:12)
  5 yaktaurs (D:13)
  9 rime drakes
  3 centaur skeletons (D:13)
  14 cane toads
  A kobold demonologist (D:13)
  10 komodo dragons
  5 trolls
  Prince Ribbit (Lair:3)
  5 hornets
  3 merfolk
  7 polar bears
  6 meliai (D:13)
  A wind drake (Shoals:2)
  11 blink frogs
  6 snapping turtles
  6 slime creatures (D:12)
  13 dream sheep
  Sigmund (D:6)
  36 yaks
  3 water elementals (Shoals:2)
  2 wraiths
  12 spriggans (Lair:5)
  8 wyverns
  4 fire bats (Lair:3)
  A fire elemental (Lair:3)
  2 basilisks
  4 vampire mosquitoes (D:12)
  A steam dragon (Lair:2)
  18 water moccasins
  5 orc warriors
  A swamp drake (D:12)
  9 black bears
  3 sky beasts
  An ice beast (D:7)
  8 ogres
  32 wolves
  13 centaurs
  4 boggarts (Lair:5)
  A phantom (D:5)
  4 kobold brigands (D:13)
  Blork the orc (D:6)
  9 bullfrogs
  2 scorpions
  A necrophage (D:3)
  15 wights
  17 killer bees
  A howler monkey (D:11)
  A lava snake (Lair:3)
  4 hounds
  13 jellies
  10 orc priests
  5 gnoll boudas
  5 iguanas
  Ijyb (D:3)
  12 orc wizards
  A boggart skeleton (D:13)
  5 adders
  16 gnolls
  2 river rats (Sewer)
  A shadow imp (D:5)
  2 white imps
  3 ufetubi
  3 worms
  5 dart slugs
  40 orcs
  12 endoplasms
  5 giant cockroaches
  12 goblins
  11 hobgoblins
  3 jackals (D:2)
  3 quokkas
  12 ball pythons
  5 bats
  6 frilled lizards
  8 kobolds
  19 rats
  4 tentacles (Shoals:3)
664 creatures vanquished.

Vanquished Creatures (collateral kills)
  A death knight (D:13)
  2 harpies (Shoals:1)
  A faun (Shoals:1)
  A manticore (Shoals:1)
  A cyclops (D:11)
  A troll (D:11)
  A wyvern (D:11)
  A basilisk (D:11)
  2 water moccasins (D:11)
  A black bear (D:11)
  A wolf (D:11)
  A howler monkey (D:11)
14 creatures vanquished.

Vanquished Creatures (others)
  A deep elf pyromancer (D:13)
  A kobold (D:13)
  46 fungi
  126 plants
  4 tentacles (Shoals:3)
178 creatures vanquished.

Grand Total: 856 creatures vanquished

Notes
Turn   | Place    | Note
-------+----------+-------------------------------------------
     0 | D:1      | Dirtsage the Demonspawn Berserker began the quest for the
                  | Orb.
     0 | D:1      | Reached XP level 1. HP: 18/18 MP: 1/1
   145 | D:1      | Gained mutation: You sometimes gain a little power by
                  | taking damage. [demonic ancestry]
   145 | D:1      | Reached XP level 2. HP: 24/24 MP: 2/2
   488 | D:1      | Reached XP level 3. HP: 13/29 MP: 3/3
   608 | D:1      | Reached ** piety under Trog
  1249 | D:2      | Identified the ring of Assanun {rPois rF+ rC+ Will+ Dex-3}
  1260 | D:2      | Gained mutation: You sometimes gain power by taking damage.
                  | [demonic ancestry]
  1260 | D:2      | Reached XP level 4. HP: 34/35 MP: 4/4
  1471 | D:3      | Noticed a black bear
  1488 | D:3      | Killed a black bear
  1489 | D:3      | Reached skill level 5 in Axes
  1489 | D:3      | Gained mutation: You have sharp fingernails. [demonic
                  | ancestry]
  1489 | D:3      | Reached XP level 5. HP: 10/41 MP: 5/5
  1618 | D:3      | Noticed Ijyb
  1631 | D:3      | Killed Ijyb
  1632 | D:3      | Reached skill level 1 in Unarmed Combat
  1763 | D:3      | Reached skill level 2 in Unarmed Combat
  1919 | D:3      | Reached XP level 6. HP: 47/47 MP: 6/6
  1942 | D:3      | Reached *** piety under Trog
  2555 | D:4      | Reached skill level 3 in Unarmed Combat
  2946 | D:4      | Found a glowing drain.
  2958 | Sewer    | Entered a sewer
  3050 | Sewer    | Reached skill level 4 in Unarmed Combat
  3589 | D:4      | Gained mutation: You regenerate magic rapidly. [demonic
                  | ancestry]
  3589 | D:4      | Reached XP level 7. HP: 38/52 MP: 7/7
  3805 | D:5      | Entered Level 5 of the Dungeon
  3906 | D:5      | Reached skill level 5 in Unarmed Combat
  4111 | D:5      | Reached **** piety under Trog
  4183 | D:5      | Reached skill level 6 in Unarmed Combat
  4183 | D:5      | Reached XP level 8. HP: 59/61 MP: 8/8
  4222 | D:5      | Reached skill level 5 in Fighting
  4364 | D:5      | Found a staircase to the Ecumenical Temple.
  4452 | Temple   | Entered the Ecumenical Temple
  4952 | D:6      | Noticed Sigmund
  4962 | D:6      | Killed Sigmund
  4963 | D:6      | Reached skill level 7 in Unarmed Combat
  5065 | D:6      | Noticed Blork the orc
  5077 | D:6      | Killed Blork the orc
  5106 | D:6      | Reached skill level 8 in Unarmed Combat
  5188 | D:6      | Reached XP level 9. HP: 69/71 MP: 9/9
  5768 | D:6      | Reached skill level 9 in Unarmed Combat
  5956 | D:7      | Found Pioruba's Book Emporium.
  6163 | D:7      | Reached skill level 10 in Unarmed Combat
  6692 | D:7      | Reached skill level 1 in Shields
  6797 | D:8      | Gained mutation: You have very sharp fingernails. [demonic
                  | ancestry]
  6797 | D:8      | Reached XP level 10. HP: 75/80 MP: 10/10
  7633 | D:9      | Found a sparkling altar of Nemelex Xobeh.
  7733 | D:9      | Reached skill level 11 in Unarmed Combat
  7998 | D:9      | Identified the +0 cloak "Hukluy" {rElec Dex+3}
  8068 | D:10     | Entered Level 10 of the Dungeon
  8095 | D:10     | Found a hide-covered altar of Uskayaw.
  8160 | D:10     | Reached skill level 5 in Shields
  8168 | D:10     | Reached ***** piety under Trog
  8538 | D:10     | Found Remmazin's Antique Weapon Emporium.
  8612 | D:10     | Gained mutation: You are partially covered in icy blue
                  | scales. (AC +2) [demonic ancestry]
  8612 | D:10     | Reached XP level 11. HP: 89/89 MP: 11/11
  8812 | D:11     | Noticed a purple ugly thing
  8817 | D:11     | Killed a purple ugly thing
  9051 | D:11     | Noticed a boulder beetle
  9071 | D:11     | Killed a boulder beetle
  9072 | D:11     | Reached skill level 12 in Unarmed Combat
  9153 | D:11     | Noticed Sonja
  9158 | D:11     | Killed Sonja
  9264 | D:11     | Found a staircase to the Lair.
  9346 | D:11     | Found a runed translucent gate.
  9346 | D:11     | Found a runed translucent gate.
  9346 | D:11     | Found a runed translucent gate.
  9346 | D:11     | Noticed QuickerDeath's ghost (novice TeCj)
  9356 | D:11     | Identified the ring "Gairet" {*Slow rPois Str+3 Dex+5}
  9371 | D:11     | Killed QuickerDeath's ghost
  9462 | D:11     | Noticed a deep troll
  9466 | D:11     | Killed a deep troll
  9623 | Lair:1   | Entered Level 1 of the Lair of Beasts
  9824 | Lair:1   | Noticed a death yak
  9824 | Lair:1   | Noticed a death yak
  9855 | Lair:2   | Noticed a five-headed hydra
  9857 | Lair:2   | Noticed a skyshark
  9864 | Lair:2   | Killed a five-headed hydra
  9865 | Lair:2   | Reached skill level 10 in Fighting
  9876 | Lair:2   | Killed a skyshark
  9877 | Lair:2   | Gained mutation: You are mostly covered in icy blue scales.
                  | (AC +3) [demonic ancestry]
  9877 | Lair:2   | Reached XP level 12. HP: 97/97 MP: 12/12
  9995 | Lair:2   | Reached skill level 13 in Unarmed Combat
 10180 | Lair:2   | Noticed a death yak
 10186 | Lair:2   | Noticed a death yak
 10193 | Lair:2   | Killed a death yak
 10205 | Lair:2   | Killed a death yak
 10825 | Lair:1   | Noticed a death yak
 10852 | Lair:1   | Killed a death yak
 10858 | Lair:1   | Noticed a death yak
 10861 | Lair:1   | Noticed a death yak
 10862 | Lair:1   | Killed a death yak
 10871 | Lair:1   | Killed a death yak
 10882 | Lair:1   | Killed a death yak
 10891 | Lair:1   | Killed a death yak
 10892 | Lair:1   | Reached skill level 10 in Shields
 10986 | Lair:1   | Found a transporter.
 10987 | Lair:1   | Noticed a boulder beetle
 10988 | Lair:1   | Found a transporter.
 11082 | Lair:1   | Reached skill level 14 in Unarmed Combat
 11186 | Lair:1   | Received a gift from Trog
 11200 | Lair:1   | Gained mutation: You punish those that try to bend your
                  | will. (Will+) [demonic ancestry]
 11200 | Lair:1   | Reached XP level 13. HP: 68/106 MP: 13/13
 11457 | Lair:3   | You fall into a shaft and drop 1 floor!
 11856 | Lair:3   | Found a hole to the Spider Nest.
 11986 | Lair:3   | Noticed Prince Ribbit
 12014 | Lair:3   | Killed Prince Ribbit
 12315 | Lair:3   | Found a staircase to the Shoals.
 13470 | Lair:5   | Entered Level 5 of the Lair of Beasts
 13732 | Lair:5   | Reached skill level 15 in Unarmed Combat
 13882 | Lair:5   | Found a staircase to the Slime Pits.
 13882 | Lair:5   | Found a viscous altar of Jiyva.
 13971 | Lair:5   | Found a runed translucent gate.
 13972 | Lair:5   | Found a runed translucent gate.
 13973 | Lair:5   | Found a runed translucent gate.
 14215 | Lair:5   | Reached XP level 14. HP: 110/114 MP: 14/14
 14334 | Lair:5   | Identified the +1 hand axe "Kill" {flame, rElec Will+}
                  | (Trog gifted it to you on level 5 of the Lair of Beasts)
 14334 | Lair:5   | Received a gift from Trog
 15039 | Lair:5   | Noticed baljet's ghost (journeyman MiFi)
 15083 | Lair:5   | Found the +4 skin of Zhor {*Englaciate rC+++ SInv}
 15239 | Lair:5   | Noticed Rupert
 15258 | Lair:5   | Killed Rupert
 15463 | Lair:5   | Killed baljet's ghost
 15534 | Lair:5   | Identified a scroll of acquirement
 15535 | Lair:5   | Acquired a manual of Throwing
 16312 | D:12     | Found a staircase to the Orcish Mines.
 16667 | D:13     | Reached skill level 5 in Armour
 16673 | D:13     | Reached skill level 5 in Dodging
 17117 | D:13     | Noticed Nessos
 17141 | D:13     | Killed Nessos
 17142 | D:13     | Reached skill level 16 in Unarmed Combat
 17294 | D:13     | Found Hoeh's General Store.
 17355 | D:13     | Gained mutation: You are powered by pain. [demonic
                  | ancestry]
 17355 | D:13     | Reached XP level 15. HP: 76/120 MP: 15/15
 17375 | D:13     | Received a gift from Trog
 17677 | D:13     | Found a gate to the Vaults.
 18091 | Shoals:1 | Entered Level 1 of the Shoals
 21048 | Shoals:3 | Received a gift from Trog
 21049 | Shoals:3 | Saving game... please wait.
 21049 | Shoals:3 | Upgraded the game from 0.30-a0-782-ge64f9170bb to
                  | 0.30-a0-918-g0ff054e9dc
 21883 | Shoals:3 | Noticed a kraken
 21911 | Shoals:3 | Killed a kraken
 22147 | Shoals:3 | Noticed Bai Suzhen
 22176 | Shoals:3 | Killed Bai Suzhen
 22409 | Shoals:4 | Entered Level 4 of the Shoals
 22699 | Shoals:4 | Killed from afar by a water nymph

Illustrated notes

Levels and vault maps discovered:
D:1:      dpeg_arrival_shelter, layout_basic, kennysheep_decorative_pillar,
          feat_on_display
D:2:      layout_rooms, minmay_heptomino_d4
D:3:      kennysheep_the_goblin_king, layout_rooms
D:4:      layout_basic, gup_sewer_entry_pipe
D:5:      layout_cave_pools, minmay_temple_entry_antechambers
D:6:      black_bear_nest_1, layout_basic, kennysheep_generic_room_8,
          uniq_sigmund, uniq_blork_the_orc
D:7:      layout_basic, serial_shops, shop
D:8:      layout_rooms
D:9:      layout_basic, mainiacjoe_overflow_brackets, minmay_door_square
D:10:     layout_basic, lemuel_tele_altar, serial_shops, shop
D:11:     dreamdust_cave_troll, layout_cave_pools, minmay_lair_entry_grove,
          ebering_ghost_rock_garden, uniq_sonja
D:12:     layout_loops_ring, erik_orc_1
D:13:     kennysheep_seaside_town, layout_loops_ring,
          hangedman_vaults_entry_quadrant_bands, grunt_ministairs_15,
          nicolae_take_the_stairs, uniq_nessos
Temple:   nicolae_temple_bog_church
Lair:1:   gammafunk_boulding_lane, layout_misc_corridors
Lair:2:   layout_loops_ring
Lair:3:   layout_gridlike, nicolae_shoals_entry_roost, dummy_spider_entry,
          uniq_prince_ribbit2
Lair:4:   layout_gridlike
Lair:5:   minmay_lair_end_enchanted_forest, layout_cave_pods,
          minmay_slime_entry_jelly_boxes, ebering_ghost_rock_garden,
          hellmonk_guarded_unrand_zhor, uniq_rupert
Shoals:1: layout_shoals, abandoned_shop, nicolae_shoals_lost_giant_baths
Shoals:2: layout_shoals, nicolae_shoals_goliath_grotto
Shoals:3: layout_shoals, nicolae_shoals_kraken_intersection, uniq_bai_suzhen
Shoals:4: shoals_end_grunt_garden, layout_shoals

Skill      XL: |  1  2  3  4  5  6  7  8  9 10 11 12 13 14 15 |
---------------+----------------------------------------------+-----
Axes           | 3 4 5 |  5.4
Unarmed Combat | 2 4 6 8 10 11 12 14 15 16 | 16.8
Fighting       | 4 6 8 9 10 11 12 13 | 13.2
Shields        | 1 5 8 10 11 12 13 | 13.9
Armour         | 3 5 6 |  6.6
Dodging        | 3 5 6 |  6.6

Action                     |  1- 3 |  4- 6 |  7- 9 | 10-12 | 13-15 || total
---------------------------+-------+-------+-------+-------+-------++-------
  Melee: Hand axe          |   131 |   112 |       |       |       ||   243
         Punch             |     4 |     1 |     8 |    10 |       ||    23
         Unarmed           |       |   135 |   339 |   555 |  1479 ||  2508
 Invoke: Berserk           |     2 |     4 |     3 |     6 |    18 ||    33
         Trog's Hand       |       |       |     1 |     2 |     8 ||    11
         Brothers in Arms  |       |       |       |     2 |     4 ||     6
  Evoke: Wand              |       |       |       |     6 |     7 ||    13
    Use: Scroll            |       |       |       |    17 |    10 ||    27
         Potion            |       |       |       |       |     2 ||     2
 Armour: Animal skin       |    22 |       |       |       |       ||    22
         Chain mail        |    58 |   135 |   157 |   258 |   658 ||  1266
  Dodge: Dodged            |    84 |    98 |   117 |   121 |   298 ||   718
  Block: Tower shield      |       |       |       |   280 |  1471 ||  1751
         Reflection        |       |       |       |       |    48 ||    48

Table legend: (Time is in decaauts)
 A = Elapsed time spent in this place.
 B = Non-inter-level travel time spent in this place.
 C = Inter-level travel time spent in this place.
 D = Time resting spent in this place.
 E = Time spent auto-exploring this place.
 F = Levels seen in this place.
 G = Mean time per level.
                   A        B        C        D        E       F      G
               +--------+--------+--------+--------+--------+-----+--------+
         Total |  23139 |  22362 |    777 |   2825 |  14837 |  24 |  964.1 |
       Dungeon |  11454 |  11030 |    424 |   1300 |   7540 |  13 |  881.1 |
        Temple |    103 |    102 |      1 |      0 |     82 |   1 |  103.0 |
          Lair |   6216 |   5933 |    283 |    728 |   3543 |   5 | 1243.2 |
        Shoals |   4846 |   4778 |     68 |    731 |   3347 |   4 | 1211.5 |
         Sewer |    519 |    519 |      0 |     65 |    324 |   1 |  519.0 |
               +--------+--------+--------+--------+--------+-----+--------+

Top non-repeatable levels by time:
  Lair:5: 2152 daAuts
Shoals:2: 1589 daAuts
    D:13: 1535 daAuts
Shoals:1: 1497 daAuts
Shoals:3: 1465 daAuts
     D:6: 1215 daAuts
  Lair:4: 1130 daAuts
     D:3: 1066 daAuts
  Lair:3: 1049 daAuts
  Lair:1: 944 daAuts
  Lair:2: 939 daAuts
     D:1: 914 daAuts
    D:10: 844 daAuts
     D:9: 836 daAuts
     D:4: 824 daAuts
